Rangers vs Bruins
Created - 20 octobre 2014 at 20:53
Goals
|
Rangers |
0 |
1 |
0 |
1 |
Bruins |
1 |
1 |
0 |
2 |
|
Shots
|
Rangers |
5 |
13 |
12 |
30 |
Bruins |
15 |
12 |
7 |
34 |
|
1st period
1. Bruins , Vitali Yachmenev 4 (Eric Lindros, Wojtek Wolski) at 11:40
Penalties :
Johan Franzen (NYR) for Hooking (Minor) at 11:43
2nd period
2. Rangers , Cam Barker 2 (Milan Lucic, Brent Seabrook) at 9:59 (PP)
3. Bruins , Wojtek Wolski 8 (Vitali Yachmenev, Eric Lindros) at 12:08
Penalties :
Matt Hendricks (Bos) for Holding (Minor) at 9:18, Kimmo Timonen (NYR) for Roughing (Minor) at 14:47, Staffan Kronwall (NYR) for Hooking (Minor) at 17:42
3rd period
No Goal
Penalties :
Victor Oreskovich (Bos) for Hooking (Minor) at 11:14
Goalie Stats
Henrik Lundqvist (NYR), 32 saves from 34 shots - (0,941), L, 4-4-1, 59:00 minutes
Evgeni Nabokov (Bos), 29 saves from 30 shots - (0,967), W, 6-3-1, 60:00 minutes
Players Stats for Rangers
Player Name G A P +/- PIM S H SB GA TA FO MP PP MP PK MP
------------------------------------------------------------------------------------
Alexandre Burrows 0 0 0 -1 0 0 3 0 1 0 0/1 14:57 0:00 1:26
Alexei Emelin 0 0 0 0 0 0 0 0 0 0 0/0 5:13 0:00 0:20
Brad Richards 0 0 0 -1 0 3 1 1 0 0 13/26 21:28 1:45 2:48
Brent Seabrook 0 1 1 0 0 3 1 0 0 0 0/0 23:34 1:55 3:38
Cam Barker 1 0 1 0 0 2 1 1 0 0 0/0 26:21 1:55 3:38
Drew Stafford 0 0 0 -1 0 2 0 2 0 0 0/0 14:03 0:00 0:00
Dustin Brown 0 0 0 0 0 1 2 0 0 0 0/0 15:52 0:55 0:00
Johan Franzen 0 0 0 -1 2 1 0 0 1 0 0/3 17:52 1:45 0:00
Kimmo Timonen 0 0 0 -1 2 2 0 1 0 0 0/0 19:28 0:45 1:30
Mark Fistric 0 0 0 -1 0 2 0 2 0 0 0/0 19:31 0:45 2:19
Matt Greene 0 0 0 -1 0 0 1 0 0 0 0/0 13:11 0:00 0:00
Matt Read 0 0 0 0 0 1 0 0 0 0 0/0 6:22 0:00 0:00
Milan Lucic 0 1 1 -1 0 6 2 1 0 0 3/5 24:52 1:45 2:43
Patrice Bergeron 0 0 0 0 0 4 3 0 0 1 9/12 19:20 0:55 2:02
Patrick Sharp 0 0 0 0 0 1 0 3 0 1 0/1 18:20 0:55 1:34
Radek Bonk 0 0 0 -1 0 0 1 1 0 0 0/1 13:41 0:00 1:21
Staffan Kronwall 0 0 0 -1 2 2 0 1 0 0 0/0 13:33 0:00 0:29
Valtteri Filppula 0 0 0 0 0 0 1 0 0 0 1/2 6:22 0:00 0:00
Players Stats for Bruins
Player Name G A P +/- PIM S H SB GA TA FO MP PP MP PK MP
------------------------------------------------------------------------------------
Andrew Alberts 0 0 0 1 0 0 1 0 0 0 0/0 25:58 2:51 1:28
Christoph Schubert 0 0 0 0 0 0 0 0 0 1 0/0 12:59 0:00 0:00
Dainius Zubrus 0 0 0 0 0 0 3 1 0 0 1/2 12:24 0:04 1:13
Dave Bolland 0 0 0 0 0 1 1 0 0 0 0/1 10:58 0:00 0:39
Eric Lindros 0 2 2 2 0 9 3 0 0 0 15/26 21:16 3:15 0:09
Jason Demers 0 0 0 1 0 1 1 2 0 1 0/0 20:13 3:06 1:12
Jeff Carter 0 0 0 0 0 6 2 1 0 0 3/12 16:49 2:37 0:00
Mark Stuart 0 0 0 1 0 0 0 2 0 0 0/0 20:15 3:06 1:12
Matt Cooke 0 0 0 0 0 3 1 1 0 0 0/0 10:41 0:08 0:44
Matt Hendricks 0 0 0 0 2 2 2 0 0 0 3/4 9:56 0:00 0:57
Richard Zednik 0 0 0 0 0 1 0 0 0 0 1/1 9:00 0:00 0:00
Ryan O'Byrne 0 0 0 1 0 1 0 2 1 0 0/0 25:58 2:51 1:28
Scott Hartnell 0 0 0 0 0 1 1 0 0 0 0/0 12:06 2:37 0:00
Tom Gilbert 0 0 0 0 0 0 0 0 0 0 0/0 12:57 0:00 0:00
Victor Oreskovich 0 0 0 0 2 2 1 0 0 0 0/1 16:49 2:37 0:00
Viktor Stalberg 0 0 0 0 0 3 3 1 0 0 0/0 15:06 0:05 0:00
Vitali Yachmenev 1 1 2 2 0 2 3 1 0 0 0/2 21:07 3:13 0:00
Wojtek Wolski 1 1 2 2 0 2 3 0 1 0 2/2 22:46 3:15 1:38
3 Stars
1 - Vitali Yachmenev (Bos)
2 - Wojtek Wolski (Bos)
3 - Evgeni Nabokov (Bos)
Power Play
Rangers - 1 on 2 Attempt(s) - 50,00%
Bruins - 0 on 3 Attempt(s) - 0,00%
Penalty Kill
Rangers - 3 on 3 Attempt(s) - 100,00%
- Score 0 goal in Penalty Kill
Bruins - 1 on 2 Attempt(s) - 50,00%
- Score 0 goal in Penalty Kill
Official
Referees : Auger Stephane and Hebert Ghislain
Linesman : Brian Mach and Thor Nelson
Game Notes
No Game Note
Finance
Level 1 -- Attendance: 4026 (67,10%) -- Ticket Income 398 574 $
Level 2 -- Attendance: 3657 (73,14%) -- Ticket Income 215 763 $
Level 3 -- Attendance: 1854 (92,70%) -- Ticket Income 53 766 $
Level 4 -- Attendance: 3665 (91,63%) -- Ticket Income 69 635 $
Luxury Box -- Attendance: 752 (75,20%) -- Ticket Income 142 128 $
Game was played at the TD Banknorth Garden
Total Attendance: 13954 (77,52%)
Total Ticket Income: 879 866 $
Other Income: 131 980 $
Total Income: 1 011 846 $
Rangers
5 vs 5 Forward
Center Left Wing Right Wing Time % Phy DF OF
1 Brad Richards Milan Lucic Johan Franzen 40 1 2 2
2 Patrice Bergeron Patrick Sharp Dustin Brown 30 1 2 2
3 Radek Bonk Alexandre Burrows Drew Stafford 20 1 2 2
4 Valtteri Filppula Milan Lucic Matt Read 10 1 2 2
5 vs 5 Defense
Defense Defense Time % Phy DF OF
1 Cam Barker Brent Seabrook 40 1 2 2
2 Kimmo Timonen Mark Fistric 30 1 2 2
3 Matt Greene Staffan Kronwall 20 1 2 2
4 Alexei Emelin Cam Barker 10 1 2 2
PowerPlay Forward
Center Left Wing Right Wing Time % Phy DF OF
1 Brad Richards Milan Lucic Johan Franzen 60 1 2 2
2 Patrice Bergeron Patrick Sharp Dustin Brown 40 1 2 2
PowerPlay Defense
Defense Defense Time % Phy DF OF
1 Cam Barker Brent Seabrook 60 1 2 2
2 Kimmo Timonen Mark Fistric 40 1 2 2
Penalty Kill 4 Players Forward
Center Wing Time % Phy DF OF
1 Milan Lucic Brad Richards 60 1 2 2
2 Patrick Sharp Patrice Bergeron 40 1 2 2
Penalty Kill 4 Players Defense
Defense Defense Time % Phy DF OF
1 Cam Barker Brent Seabrook 60 1 2 2
2 Kimmo Timonen Mark Fistric 40 1 2 2
Penalty Kill - 3 Players Forward
Forward Time % Phy DF OF
1 Milan Lucic 60 1 2 2
2 Brad Richards 40 1 2 2
Penalty Kill - 3 Players Defense
Defense Defense Time % Phy DF OF
1 Cam Barker Brent Seabrook 60 1 2 2
2 Kimmo Timonen Mark Fistric 40 1 2 2
4 vs 4 Forward
Center Wing Time % Phy DF OF
1 Milan Lucic Brad Richards 60 1 2 2
2 Patrick Sharp Patrice Bergeron 40 1 2 2
4 vs 4 Defense
Defense Defense Time % Phy DF OF
1 Cam Barker Brent Seabrook 60 1 2 2
2 Kimmo Timonen Mark Fistric 40 1 2 2
Last Minutes Offensive
Center Left Wing Right Wing Defense Defense
Brad Richards Milan Lucic Johan Franzen Cam Barker Brent Seabrook
Last Minutes Defensive
Center Left Wing Right Wing Defense Defense
Brad Richards Milan Lucic Johan Franzen Cam Barker Brent Seabrook
Goaltenders
Starting : Henrik Lundqvist
Backup : Hannu Toivonen
Extra Forwards
Normal : Drew Stafford, Alexandre Burrows, Radek Bonk - PP : Drew Stafford, Alexandre Burrows - PK : Radek Bonk
Extra Defensemen
Normal : Matt Greene, Staffan Kronwall, Alexei Emelin - PP : Matt Greene - PK : Staffan Kronwall, Alexei Emelin
Penalty Shots
Milan Lucic, Brad Richards, Patrick Sharp, Patrice Bergeron, Johan Franzen
Bruins
5 vs 5 Forward
Center Left Wing Right Wing Time % Phy DF OF
1 Eric Lindros Wojtek Wolski Vitali Yachmenev 40 1 2 2
2 Jeff Carter Viktor Stalberg Victor Oreskovich 30 1 2 2
3 Dave Bolland Scott Hartnell Dainius Zubrus 20 1 2 2
4 Matt Hendricks Matt Cooke Richard Zednik 10 1 2 2
5 vs 5 Defense
Defense Defense Time % Phy DF OF
1 Andrew Alberts Ryan O'Byrne 40 1 2 2
2 Mark Stuart Jason Demers 30 1 2 2
3 Christoph Schubert Tom Gilbert 20 1 2 2
4 Andrew Alberts Ryan O'Byrne 10 1 2 2
PowerPlay Forward
Center Left Wing Right Wing Time % Phy DF OF
1 Eric Lindros Wojtek Wolski Vitali Yachmenev 60 1 2 2
2 Jeff Carter Scott Hartnell Victor Oreskovich 40 1 2 2
PowerPlay Defense
Defense Defense Time % Phy DF OF
1 Andrew Alberts Ryan O'Byrne 60 1 2 2
2 Mark Stuart Jason Demers 40 1 2 2
Penalty Kill 4 Players Forward
Center Wing Time % Phy DF OF
1 Matt Hendricks Wojtek Wolski 60 1 2 2
2 Eric Lindros Dainius Zubrus 40 1 2 2
Penalty Kill 4 Players Defense
Defense Defense Time % Phy DF OF
1 Andrew Alberts Ryan O'Byrne 60 1 2 2
2 Mark Stuart Jason Demers 40 1 2 2
Penalty Kill - 3 Players Forward
Forward Time % Phy DF OF
1 Wojtek Wolski 60 1 2 2
2 Vitali Yachmenev 40 1 2 2
Penalty Kill - 3 Players Defense
Defense Defense Time % Phy DF OF
1 Andrew Alberts Ryan O'Byrne 60 1 2 2
2 Mark Stuart Jason Demers 40 1 2 2
4 vs 4 Forward
Center Wing Time % Phy DF OF
1 Eric Lindros Wojtek Wolski 60 1 2 2
2 Jeff Carter Scott Hartnell 40 1 2 2
4 vs 4 Defense
Defense Defense Time % Phy DF OF
1 Andrew Alberts Ryan O'Byrne 60 1 2 2
2 Mark Stuart Jason Demers 40 1 2 2
Last Minutes Offensive
Center Left Wing Right Wing Defense Defense
Eric Lindros Wojtek Wolski Victor Oreskovich Andrew Alberts Ryan O'Byrne
Last Minutes Defensive
Center Left Wing Right Wing Defense Defense
Eric Lindros Wojtek Wolski Vitali Yachmenev Andrew Alberts Ryan O'Byrne
Goaltenders
Starting : Evgeni Nabokov
Backup : Karri Ramo
Extra Forwards
Normal : Jeff Carter, Wojtek Wolski, Eric Lindros - PP : Matt Cooke, Viktor Stalberg - PK : Dainius Zubrus
Extra Defensemen
Normal : Christoph Schubert, Tom Gilbert, Mark Stuart - PP : Christoph Schubert - PK : Tom Gilbert, Mark Stuart
Penalty Shots
Wojtek Wolski, Eric Lindros, Viktor Stalberg, Jeff Carter, Scott Hartnell
% Time on Ice - Rangers
Lines # - Real PCT - Wanted PCT - Time Play
Normal Forward
1 - 32% - 40% - 16:14
2 - 33% - 30% - 16:28
3 - 22% - 20% - 11:05
4 - 13% - 10% - 6:22
Normal Defense
1 - 34% - 40% - 16:53
2 - 33% - 30% - 16:21
3 - 25% - 20% - 12:29
4 - 9% - 10% - 4:26
PP Forward
1 - 66% - 60% - 1:45
2 - 34% - 40% - 0:55
PP Defense
1 - 72% - 60% - 1:55
2 - 28% - 40% - 0:45
PK Forward
1 - 77% - 60% - 4:36
2 - 23% - 40% - 1:21
PK Defense
1 - 61% - 60% - 3:38
2 - 39% - 40% - 2:19
PK3 Forward
1 - 0% - 60%
2 - 0% - 40%
PK3 Defense
1 - 0% - 60%
2 - 0% - 40%
44 Forward
1 - 0% - 60%
2 - 0% - 40%
44 Defense
1 - 0% - 60%
2 - 0% - 40%
Last Minute Offensive - 1:14
Last Minute Defensive - 0:00
Total
Forward - 60:00
Defense - 60:00
|
% Time on Ice - Bruins
Lines # - Real PCT - Wanted PCT - Time Play
Normal Forward
1 - 35% - 40% - 17:29
2 - 28% - 30% - 14:12
3 - 19% - 20% - 9:29
4 - 18% - 10% - 9:00
Normal Defense
1 - 38% - 40% - 19:05
2 - 31% - 30% - 15:36
3 - 25% - 20% - 12:44
4 - 5% - 10% - 2:45
PP Forward
1 - 56% - 60% - 3:20
2 - 44% - 40% - 2:37
PP Defense
1 - 48% - 60% - 2:51
2 - 52% - 40% - 3:06
PK Forward
1 - 94% - 60% - 2:31
2 - 6% - 40% - 0:09
PK Defense
1 - 55% - 60% - 1:28
2 - 45% - 40% - 1:12
PK3 Forward
1 - 0% - 60%
2 - 0% - 40%
PK3 Defense
1 - 0% - 60%
2 - 0% - 40%
44 Forward
1 - 0% - 60%
2 - 0% - 40%
44 Defense
1 - 0% - 60%
2 - 0% - 40%
Last Minute Offensive - 0:00
Last Minute Defensive - 1:13
Total
Forward - 60:00
Defense - 60:00
|
Play by Play
1st period
0:01 of 1st period - Eric Lindros wins face-off versus Brad Richards in neutral zone.
0:16 of 1st period - Snap shot by Wojtek Wolski.
0:16 of 1st period - Shot Misses the Net.
0:26 of 1st period - Viktor Stalberg is hit by Dustin Brown and loses puck.
0:47 of 1st period - Snap shot by Patrick Sharp.
0:47 of 1st period - Stopped by Evgeni Nabokov with a rebound.
0:53 of 1st period - Radek Bonk is hit by Dainius Zubrus and loses puck.
1:04 of 1st period - Matt Cooke is hit by Valtteri Filppula and loses puck.
1:54 of 1st period - Brent Seabrook is hit by Eric Lindros and loses puck.
2:40 of 1st period - Wrist shot by Jeff Carter.
2:40 of 1st period - Stopped by Henrik Lundqvist with a rebound.
4:32 of 1st period - Milan Lucic is hit by Eric Lindros and loses puck.
4:59 of 1st period - Snap shot by Jeff Carter.
4:59 of 1st period - Stopped by Henrik Lundqvist with a rebound.
5:18 of 1st period - Snap shot by Brad Richards.
5:18 of 1st period - Stopped by Evgeni Nabokov with a rebound.
6:00 of 1st period - Backhand shot by Drew Stafford.
6:00 of 1st period - Stopped by Evgeni Nabokov with a rebound.
6:02 of 1st period - Slapshot by Mark Fistric.
6:02 of 1st period - Shot Misses the Net.
6:04 of 1st period - Slapshot by Kimmo Timonen.
6:04 of 1st period - Shot Blocked by Dainius Zubrus.
6:54 of 1st period - Radek Bonk is hit by Jeff Carter and loses puck.
7:11 of 1st period - Cam Barker is hit by Scott Hartnell and loses puck.
7:32 of 1st period - Mark Stuart is hit by Patrice Bergeron and loses puck.
7:56 of 1st period - Radek Bonk is hit by Matt Hendricks and loses puck.
8:17 of 1st period - Alexandre Burrows is hit by Dainius Zubrus and loses puck.
8:45 of 1st period - Cam Barker is hit by Victor Oreskovich and loses puck.
8:50 of 1st period - Wrist shot by Jeff Carter.
8:50 of 1st period - Stopped by Henrik Lundqvist with a rebound.
10:37 of 1st period - Snap shot by Victor Oreskovich.
10:37 of 1st period - Stopped by Henrik Lundqvist with a rebound.
10:39 of 1st period - Slapshot by Andrew Alberts.
10:39 of 1st period - Deflect By Jeff Carter.
10:39 of 1st period - Shot Hit the Post.
10:39 of 1st period - Puck is out of play.
10:40 of 1st period - Patrice Bergeron wins face-off versus Jeff Carter in Rangers zone.
10:55 of 1st period - Wrist shot by Eric Lindros.
10:55 of 1st period - Stopped by Henrik Lundqvist without a rebound.
10:56 of 1st period - Eric Lindros wins face-off versus Alexandre Burrows in Rangers zone.
11:14 of 1st period - Snap shot by Eric Lindros.
11:14 of 1st period - Stopped by Henrik Lundqvist with a rebound.
11:16 of 1st period - Snap shot by Vitali Yachmenev.
11:16 of 1st period - Shot Blocked by Radek Bonk.
11:18 of 1st period - Slapshot by Vitali Yachmenev.
11:18 of 1st period - Deflect By Eric Lindros.
11:18 of 1st period - Stopped by Henrik Lundqvist with a rebound.
11:20 of 1st period - Slapshot by Christoph Schubert.
11:20 of 1st period - Shot Blocked by Drew Stafford.
11:22 of 1st period - Snap shot by Wojtek Wolski.
11:22 of 1st period - Shot Blocked by Drew Stafford.
11:24 of 1st period - Snap shot by Christoph Schubert.
11:24 of 1st period - Shot Blocked by Mark Fistric.
11:28 of 1st period - Slapshot by Vitali Yachmenev.
11:28 of 1st period - Stopped by Henrik Lundqvist with a rebound.
11:36 of 1st period - Snap shot by Eric Lindros.
11:36 of 1st period - Shot Blocked by Mark Fistric.
11:38 of 1st period - Snap shot by Vitali Yachmenev.
11:38 of 1st period - Shot Misses the Net.
11:40 of 1st period - Backhand shot by Vitali Yachmenev.
11:40 of 1st period - Goal by Vitali Yachmenev - Rangers : 0 - Bruins : 1.
11:41 of 1st period - Brad Richards wins face-off versus Victor Oreskovich in neutral zone.
11:43 of 1st period - Minor Penalty to Johan Franzen for Hooking.
11:44 of 1st period - Eric Lindros wins face-off versus Milan Lucic in Rangers zone.
11:46 of 1st period - Snap shot by Eric Lindros.
11:46 of 1st period - Shot Blocked by Brad Richards.
11:48 of 1st period - Wrist shot by Ryan O'Byrne.
11:48 of 1st period - Stopped by Henrik Lundqvist without a rebound.
11:49 of 1st period - Eric Lindros wins face-off versus Milan Lucic in Rangers zone.
12:40 of 1st period - Brad Richards is hit by Wojtek Wolski and loses puck.
13:05 of 1st period - Cam Barker is hit by Wojtek Wolski and loses puck.
13:43 of 1st period - Penalty to Johan Franzen is over, Johan Franzen is back on ice.
13:50 of 1st period - Wrist shot by Patrice Bergeron.
13:50 of 1st period - Stopped by Evgeni Nabokov with a rebound.
13:52 of 1st period - Wrist shot by Patrick Sharp.
13:52 of 1st period - Shot Misses the Net.
13:54 of 1st period - Wrist shot by Cam Barker.
13:54 of 1st period - Stopped by Evgeni Nabokov with a rebound.
14:26 of 1st period - Snap shot by Radek Bonk.
14:26 of 1st period - Deflect By Alexandre Burrows.
14:26 of 1st period - Shot Misses the Net.
14:26 of 1st period - Puck is out of play.
14:27 of 1st period - Jeff Carter wins face-off versus Brad Richards in Bruins zone.
14:32 of 1st period - Wrist shot by Jeff Carter.
14:32 of 1st period - Stopped by Henrik Lundqvist without a rebound.
14:33 of 1st period - Milan Lucic wins face-off versus Jeff Carter in Rangers zone.
14:44 of 1st period - Snap shot by Viktor Stalberg.
14:44 of 1st period - Shot Misses the Net.
14:46 of 1st period - Slapshot by Jason Demers.
14:46 of 1st period - Stopped by Henrik Lundqvist without a rebound.
14:47 of 1st period - Brad Richards wins face-off versus Vitali Yachmenev in Rangers zone.
15:35 of 1st period - Snap shot by Dave Bolland.
15:35 of 1st period - Shot Misses the Net.
16:01 of 1st period - Vitali Yachmenev is hit by Milan Lucic and loses puck.
16:38 of 1st period - Wrist shot by Milan Lucic.
16:38 of 1st period - Shot Blocked by Jeff Carter.
17:46 of 1st period - Matt Hendricks is hit by Matt Greene and loses puck.
17:59 of 1st period - Wrist shot by Viktor Stalberg.
17:59 of 1st period - Shot Misses the Net.
18:07 of 1st period - Wrist shot by Viktor Stalberg.
18:07 of 1st period - Stopped by Henrik Lundqvist without a rebound.
18:08 of 1st period - Patrice Bergeron wins face-off versus Eric Lindros in Rangers zone.
18:22 of 1st period - Snap shot by Vitali Yachmenev.
18:22 of 1st period - Shot Blocked by Patrick Sharp.
18:24 of 1st period - Slapshot by Mark Stuart.
18:24 of 1st period - Shot Blocked by Patrick Sharp.
18:53 of 1st period - Snap shot by Matt Cooke.
18:53 of 1st period - Stopped by Henrik Lundqvist with a rebound.
18:57 of 1st period - Snap shot by Matt Cooke.
18:57 of 1st period - Shot Misses the Net.
18:59 of 1st period - Wrist shot by Matt Cooke.
18:59 of 1st period - Shot Misses the Net.
19:25 of 1st period - Wrist shot by Eric Lindros.
19:25 of 1st period - Stopped by Henrik Lundqvist with a rebound.
19:40 of 1st period - Icing by Scott Hartnell.
19:41 of 1st period - Patrice Bergeron wins face-off versus Dainius Zubrus in Bruins zone.
Goals for this period are 0 for Rangers vs 1 for Bruins.
Shots for this period are 5 for Rangers vs 15 for Bruins.
2nd period
0:01 of 2nd period - Eric Lindros wins face-off versus Brad Richards in neutral zone.
0:30 of 2nd period - Off-side.
0:31 of 2nd period - Patrice Bergeron wins face-off versus Jeff Carter in neutral zone.
0:34 of 2nd period - Snap shot by Dustin Brown.
0:34 of 2nd period - Shot Misses the Net.
0:36 of 2nd period - Slapshot by Mark Fistric.
0:36 of 2nd period - Shot Blocked by Jason Demers.
0:38 of 2nd period - Wrist shot by Dustin Brown.
0:38 of 2nd period - Shot Misses the Net.
0:40 of 2nd period - Wrist shot by Dustin Brown.
0:40 of 2nd period - Shot Blocked by Mark Stuart.
0:42 of 2nd period - Slapshot by Kimmo Timonen.
0:42 of 2nd period - Stopped by Evgeni Nabokov without a rebound.
0:43 of 2nd period - Wojtek Wolski wins face-off versus Brad Richards in Bruins zone.
0:53 of 2nd period - Off-side.
0:54 of 2nd period - Brad Richards wins face-off versus Eric Lindros in neutral zone.
1:29 of 2nd period - Off-side.
1:30 of 2nd period - Jeff Carter wins face-off versus Johan Franzen in neutral zone.
1:36 of 2nd period - Icing by Milan Lucic.
1:37 of 2nd period - Brad Richards wins face-off versus Jeff Carter in Rangers zone.
1:43 of 2nd period - Slapshot by Brent Seabrook.
1:43 of 2nd period - Shot Blocked by Mark Stuart.
1:45 of 2nd period - Snap shot by Brad Richards.
1:45 of 2nd period - Deflect By Jeff Carter.
1:45 of 2nd period - Stopped by Evgeni Nabokov without a rebound.
1:46 of 2nd period - Eric Lindros wins face-off versus Brad Richards in Bruins zone.
2:13 of 2nd period - Wrist shot by Jeff Carter.
2:13 of 2nd period - Stopped by Henrik Lundqvist with a rebound.
2:52 of 2nd period - Jason Demers is hit by Alexandre Burrows and loses puck.
3:41 of 2nd period - Snap shot by Valtteri Filppula.
3:41 of 2nd period - Shot Misses the Net.
3:43 of 2nd period - Snap shot by Matt Read.
3:43 of 2nd period - Stopped by Evgeni Nabokov with a rebound.
4:07 of 2nd period - Jeff Carter is hit by Brent Seabrook and loses puck.
4:20 of 2nd period - Snap shot by Patrice Bergeron.
4:20 of 2nd period - Shot Misses the Net.
5:02 of 2nd period - Off-side.
5:03 of 2nd period - Patrice Bergeron wins face-off versus Jeff Carter in neutral zone.
6:18 of 2nd period - Snap shot by Dainius Zubrus.
6:18 of 2nd period - Shot Misses the Net.
6:34 of 2nd period - Snap shot by Matt Hendricks.
6:34 of 2nd period - Stopped by Henrik Lundqvist with a rebound.
6:50 of 2nd period - Snap shot by Scott Hartnell.
6:50 of 2nd period - Shot Hit the Post.
7:08 of 2nd period - Slapshot by Dainius Zubrus.
7:08 of 2nd period - Shot Misses the Net.
7:10 of 2nd period - Snap shot by Viktor Stalberg.
7:10 of 2nd period - Shot Misses the Net.
7:12 of 2nd period - Slapshot by Jeff Carter.
7:12 of 2nd period - Deflect By Viktor Stalberg.
7:12 of 2nd period - Stopped by Henrik Lundqvist with a rebound.
7:14 of 2nd period - Slapshot by Jeff Carter.
7:14 of 2nd period - Shot Blocked by Milan Lucic.
7:38 of 2nd period - Radek Bonk is hit by Matt Cooke and loses puck.
8:36 of 2nd period - Slapshot by Kimmo Timonen.
8:36 of 2nd period - Stopped by Evgeni Nabokov without a rebound.
8:37 of 2nd period - Valtteri Filppula wins face-off versus Eric Lindros in Bruins zone.
8:38 of 2nd period - Slapshot by Milan Lucic.
8:38 of 2nd period - Shot Misses the Net.
8:40 of 2nd period - Snap shot by Milan Lucic.
8:40 of 2nd period - Shot Misses the Net.
8:42 of 2nd period - Slapshot by Staffan Kronwall.
8:42 of 2nd period - Stopped by Evgeni Nabokov with a rebound.
8:44 of 2nd period - Backhand shot by Staffan Kronwall.
8:44 of 2nd period - Shot Misses the Net.
8:46 of 2nd period - Slapshot by Staffan Kronwall.
8:46 of 2nd period - Deflect By Eric Lindros.
8:46 of 2nd period - Stopped by Evgeni Nabokov with a rebound.
9:12 of 2nd period - Alexandre Burrows is hit by Matt Hendricks and loses puck.
9:18 of 2nd period - Minor Penalty to Matt Hendricks for Holding.
9:19 of 2nd period - Wojtek Wolski wins face-off versus Johan Franzen in Bruins zone.
9:35 of 2nd period - Icing by Brent Seabrook.
9:36 of 2nd period - Dainius Zubrus wins face-off versus Brad Richards in Rangers zone.
9:53 of 2nd period - Wrist shot by Brad Richards.
9:53 of 2nd period - Shot Blocked by Ryan O'Byrne.
9:55 of 2nd period - Slapshot by Brent Seabrook.
9:55 of 2nd period - Deflect By Ryan O'Byrne.
9:55 of 2nd period - Stopped by Evgeni Nabokov with a rebound.
9:57 of 2nd period - Wrist shot by Milan Lucic.
9:57 of 2nd period - Stopped by Evgeni Nabokov with a rebound.
9:59 of 2nd period - Slapshot by Cam Barker.
9:59 of 2nd period - Deflect By Wojtek Wolski.
9:59 of 2nd period - Goal by Cam Barker - Rangers : 1 - Bruins : 1.
10:00 of 2nd period - Eric Lindros wins face-off versus Brad Richards in neutral zone.
10:05 of 2nd period - Snap shot by Eric Lindros.
10:05 of 2nd period - Shot Blocked by Cam Barker.
10:15 of 2nd period - Snap shot by Milan Lucic.
10:15 of 2nd period - Stopped by Evgeni Nabokov with a rebound.
10:27 of 2nd period - Cam Barker is hit by Viktor Stalberg and loses puck.
10:48 of 2nd period - Cam Barker is hit by Jason Demers and loses puck.
10:59 of 2nd period - Backhand shot by Matt Cooke.
10:59 of 2nd period - Stopped by Henrik Lundqvist without a rebound.
11:00 of 2nd period - Brad Richards wins face-off versus Eric Lindros in Rangers zone.
11:00 of 2nd period - Brad Richards is hit by Vitali Yachmenev.
11:33 of 2nd period - Snap shot by Victor Oreskovich.
11:33 of 2nd period - Stopped by Henrik Lundqvist without a rebound.
11:34 of 2nd period - Patrice Bergeron wins face-off versus Jeff Carter in Rangers zone.
11:59 of 2nd period - Milan Lucic is hit by Eric Lindros and loses puck.
12:06 of 2nd period - Snap shot by Eric Lindros.
12:06 of 2nd period - Shot Blocked by Staffan Kronwall.
12:08 of 2nd period - Snap shot by Vitali Yachmenev.
12:08 of 2nd period - Deflect By Wojtek Wolski.
12:08 of 2nd period - Goal by Wojtek Wolski - Rangers : 1 - Bruins : 2.
12:09 of 2nd period - Eric Lindros wins face-off versus Brad Richards in neutral zone.
12:24 of 2nd period - Snap shot by Milan Lucic.
12:24 of 2nd period - Stopped by Evgeni Nabokov without a rebound.
12:25 of 2nd period - Jeff Carter wins face-off versus Patrice Bergeron in Bruins zone.
12:51 of 2nd period - Wojtek Wolski is hit by Brad Richards and loses puck.
13:00 of 2nd period - Slapshot by Brad Richards.
13:00 of 2nd period - Stopped by Evgeni Nabokov with a rebound.
13:02 of 2nd period - Snap shot by Kimmo Timonen.
13:02 of 2nd period - Shot Blocked by Ryan O'Byrne.
13:14 of 2nd period - Snap shot by Scott Hartnell.
13:14 of 2nd period - Stopped by Henrik Lundqvist with a rebound.
13:20 of 2nd period - Dave Bolland is hit by Radek Bonk and loses puck.
13:33 of 2nd period - Snap shot by Scott Hartnell.
13:33 of 2nd period - Deflect By Richard Zednik.
13:33 of 2nd period - Stopped by Henrik Lundqvist without a rebound.
13:34 of 2nd period - Matt Hendricks wins face-off versus Valtteri Filppula in Rangers zone.
14:02 of 2nd period - Slapshot by Eric Lindros.
14:02 of 2nd period - Stopped by Henrik Lundqvist without a rebound.
14:03 of 2nd period - Eric Lindros wins face-off versus Patrick Sharp in Rangers zone.
14:16 of 2nd period - Snap shot by Patrice Bergeron.
14:16 of 2nd period - Stopped by Evgeni Nabokov with a rebound.
14:28 of 2nd period - Kimmo Timonen is hit by Viktor Stalberg and loses puck.
14:33 of 2nd period - Snap shot by Viktor Stalberg.
14:33 of 2nd period - Shot Misses the Net.
14:35 of 2nd period - Snap shot by Viktor Stalberg.
14:35 of 2nd period - Deflect By Jeff Carter.
14:35 of 2nd period - Stopped by Henrik Lundqvist with a rebound.
14:47 of 2nd period - Minor Penalty to Kimmo Timonen for Roughing.
14:48 of 2nd period - Milan Lucic wins face-off versus Eric Lindros in Rangers zone.
14:48 of 2nd period - Milan Lucic is hit by Vitali Yachmenev.
16:46 of 2nd period - Brent Seabrook is hit by Andrew Alberts and loses puck.
16:47 of 2nd period - Penalty to Kimmo Timonen is over, Kimmo Timonen is back on ice.
17:06 of 2nd period - Ryan O'Byrne is hit by Alexandre Burrows and loses puck.
17:33 of 2nd period - Snap shot by Viktor Stalberg.
17:33 of 2nd period - Stopped by Henrik Lundqvist without a rebound.
17:34 of 2nd period - Eric Lindros wins face-off versus Brad Richards in Rangers zone.
17:42 of 2nd period - Minor Penalty to Staffan Kronwall for Hooking.
17:43 of 2nd period - Milan Lucic wins face-off versus Eric Lindros in Rangers zone.
19:42 of 2nd period - Penalty to Staffan Kronwall is over, Staffan Kronwall is back on ice.
19:55 of 2nd period - Slapshot by Matt Hendricks.
19:55 of 2nd period - Stopped by Henrik Lundqvist without a rebound.
19:56 of 2nd period - Matt Hendricks wins face-off versus Patrice Bergeron in Rangers zone.
Goals for this period are 1 for Rangers vs 1 for Bruins.
Shots for this period are 13 for Rangers vs 12 for Bruins.
3rd period
0:01 of 3rd period - Brad Richards wins face-off versus Vitali Yachmenev in neutral zone.
0:10 of 3rd period - Backhand shot by Wojtek Wolski.
0:10 of 3rd period - Deflect By Eric Lindros.
0:10 of 3rd period - Stopped by Henrik Lundqvist without a rebound.
0:11 of 3rd period - Eric Lindros wins face-off versus Brad Richards in Rangers zone.
1:07 of 3rd period - Slapshot by Mark Fistric.
1:07 of 3rd period - Stopped by Evgeni Nabokov without a rebound.
1:08 of 3rd period - Brad Richards wins face-off versus Eric Lindros in Bruins zone.
1:19 of 3rd period - Brad Richards is hit by Wojtek Wolski and loses puck.
1:34 of 3rd period - Brent Seabrook is hit by Jeff Carter.
2:32 of 3rd period - Wrist shot by Patrice Bergeron.
2:32 of 3rd period - Stopped by Evgeni Nabokov with a rebound.
2:34 of 3rd period - Slapshot by Cam Barker.
2:34 of 3rd period - Shot Misses the Net.
2:36 of 3rd period - Snap shot by Dustin Brown.
2:36 of 3rd period - Stopped by Evgeni Nabokov without a rebound.
2:37 of 3rd period - Eric Lindros wins face-off versus Brad Richards in Bruins zone.
2:37 of 3rd period - Eric Lindros is hit by Milan Lucic.
2:45 of 3rd period - Snap shot by Eric Lindros.
2:45 of 3rd period - Stopped by Henrik Lundqvist with a rebound.
2:47 of 3rd period - Snap shot by Wojtek Wolski.
2:47 of 3rd period - Stopped by Henrik Lundqvist with a rebound.
2:49 of 3rd period - Slapshot by Andrew Alberts.
2:49 of 3rd period - Shot Blocked by Kimmo Timonen.
2:53 of 3rd period - Snap shot by Wojtek Wolski.
2:53 of 3rd period - Shot Misses the Net.
2:55 of 3rd period - Snap shot by Eric Lindros.
2:55 of 3rd period - Stopped by Henrik Lundqvist without a rebound.
2:56 of 3rd period - Patrice Bergeron wins face-off versus Jeff Carter in Rangers zone.
3:11 of 3rd period - Wrist shot by Patrick Sharp.
3:11 of 3rd period - Shot Misses the Net.
3:50 of 3rd period - Off-side.
3:51 of 3rd period - Brad Richards wins face-off versus Eric Lindros in neutral zone.
3:58 of 3rd period - Backhand shot by Johan Franzen.
3:58 of 3rd period - Shot Misses the Net.
4:00 of 3rd period - Snap shot by Johan Franzen.
4:00 of 3rd period - Shot Misses the Net.
4:16 of 3rd period - Snap shot by Dainius Zubrus.
4:16 of 3rd period - Shot Misses the Net.
4:18 of 3rd period - Slapshot by Christoph Schubert.
4:18 of 3rd period - Deflect By Scott Hartnell.
4:18 of 3rd period - Shot Blocked by Patrick Sharp.
4:18 of 3rd period - Puck is out of play.
4:19 of 3rd period - Patrice Bergeron wins face-off versus Dave Bolland in Rangers zone.
4:46 of 3rd period - Wrist shot by Eric Lindros.
4:46 of 3rd period - Stopped by Henrik Lundqvist without a rebound.
4:47 of 3rd period - Brad Richards wins face-off versus Eric Lindros in Rangers zone.
4:52 of 3rd period - Slapshot by Brent Seabrook.
4:52 of 3rd period - Stopped by Evgeni Nabokov without a rebound.
4:53 of 3rd period - Eric Lindros wins face-off versus Brad Richards in Bruins zone.
5:26 of 3rd period - Slapshot by Dustin Brown.
5:26 of 3rd period - Shot Misses the Net.
6:05 of 3rd period - Slapshot by Kimmo Timonen.
6:05 of 3rd period - Deflect By Valtteri Filppula.
6:05 of 3rd period - Shot Blocked by Matt Cooke.
6:05 of 3rd period - Puck is out of play.
6:06 of 3rd period - Patrice Bergeron wins face-off versus Matt Hendricks in Bruins zone.
6:09 of 3rd period - Wrist shot by Dustin Brown.
6:09 of 3rd period - Shot Misses the Net.
7:09 of 3rd period - Mark Stuart is hit by Patrice Bergeron and loses puck.
7:34 of 3rd period - Cam Barker is hit by Dave Bolland and loses puck.
8:04 of 3rd period - Wrist shot by Drew Stafford.
8:04 of 3rd period - Stopped by Evgeni Nabokov with a rebound.
8:32 of 3rd period - Wrist shot by Richard Zednik.
8:32 of 3rd period - Shot Misses the Net.
8:59 of 3rd period - Snap shot by Dave Bolland.
8:59 of 3rd period - Stopped by Henrik Lundqvist without a rebound.
9:00 of 3rd period - Eric Lindros wins face-off versus Radek Bonk in Rangers zone.
9:13 of 3rd period - Snap shot by Drew Stafford.
9:13 of 3rd period - Shot Blocked by Vitali Yachmenev.
9:35 of 3rd period - Off-side.
9:36 of 3rd period - Brad Richards wins face-off versus Jeff Carter in neutral zone.
10:08 of 3rd period - Andrew Alberts is hit by Dustin Brown and loses puck.
10:29 of 3rd period - Wojtek Wolski is hit by Patrice Bergeron and loses puck.
10:52 of 3rd period - Snap shot by Patrice Bergeron.
10:52 of 3rd period - Stopped by Evgeni Nabokov without a rebound.
10:53 of 3rd period - Brad Richards wins face-off versus Jeff Carter in Bruins zone.
10:56 of 3rd period - Snap shot by Milan Lucic.
10:56 of 3rd period - Stopped by Evgeni Nabokov with a rebound.
10:58 of 3rd period - Slapshot by Cam Barker.
10:58 of 3rd period - Shot Blocked by Jason Demers.
11:00 of 3rd period - Wrist shot by Brad Richards.
11:00 of 3rd period - Shot Blocked by Viktor Stalberg.
11:02 of 3rd period - Wrist shot by Johan Franzen.
11:02 of 3rd period - Stopped by Evgeni Nabokov with a rebound.
11:04 of 3rd period - Wrist shot by Milan Lucic.
11:04 of 3rd period - Shot Misses the Net.
11:06 of 3rd period - Slapshot by Brent Seabrook.
11:06 of 3rd period - Stopped by Evgeni Nabokov with a rebound.
11:14 of 3rd period - Minor Penalty to Victor Oreskovich for Hooking.
11:15 of 3rd period - Matt Hendricks wins face-off versus Johan Franzen in Bruins zone.
11:15 of 3rd period - Matt Hendricks is hit by Cam Barker.
13:14 of 3rd period - Penalty to Victor Oreskovich is over, Victor Oreskovich is back on ice.
13:43 of 3rd period - Kimmo Timonen is hit by Vitali Yachmenev and loses puck.
14:54 of 3rd period - Matt Read is hit by Viktor Stalberg.
14:58 of 3rd period - Jeff Carter is hit by Alexandre Burrows.
15:52 of 3rd period - Snap shot by Matt Cooke.
15:52 of 3rd period - Stopped by Henrik Lundqvist without a rebound.
15:53 of 3rd period - Richard Zednik wins face-off versus Patrice Bergeron in Rangers zone.
16:44 of 3rd period - Slapshot by Mark Fistric.
16:44 of 3rd period - Deflect By Eric Lindros.
16:44 of 3rd period - Stopped by Evgeni Nabokov with a rebound.
18:16 of 3rd period - Alexei Emelin is hit by Dainius Zubrus and loses puck.
18:58 of 3rd period - Backhand shot by Brad Richards.
18:58 of 3rd period - Shot Misses the Net.
19:00 of 3rd period - Rangers, Henrik Lundqvist is pulled from the net.
19:05 of 3rd period - Off-side.
19:06 of 3rd period - Michel Therrien call a timeout for Rangers.
19:06 of 3rd period - Brad Richards wins face-off versus Eric Lindros in neutral zone.
19:30 of 3rd period - Snap shot by Milan Lucic.
19:30 of 3rd period - Shot Misses the Net.
19:32 of 3rd period - Wrist shot by Milan Lucic.
19:32 of 3rd period - Stopped by Evgeni Nabokov without a rebound.
19:33 of 3rd period - Brad Richards wins face-off versus Eric Lindros in Bruins zone.
19:36 of 3rd period - Snap shot by Milan Lucic.
19:36 of 3rd period - Stopped by Evgeni Nabokov without a rebound.
19:37 of 3rd period - Eric Lindros wins face-off versus Brad Richards in Bruins zone.
Goals for this period are 0 for Rangers vs 0 for Bruins.
Shots for this period are 12 for Rangers vs 7 for Bruins.
Output by the SimonT Hockey Simulator (STHS) for François Prévost -- Original Page W3C XHTML 1.0 Valid